 Dungeon Crawl Stone Soup version 0.26-a0-812-g31a745ddcd (webtiles) character file.

Game seed: 16647033189034084939

45 kae the Insei (level 3, -1/20 HPs)
             Began as a Tengu Transmuter on Nov 18, 2020.
             Slain by a worm (9 damage)
             ... on level 2 of the Dungeon.
             The game lasted 00:00:34 (1599 turns).

kae the Insei (Tengu Transmuter)                    Turns: 1599, Time: 00:00:35

Health: -1/20      AC:  2    Str: 11    XL:     3   Next: 64%
Magic:  4/7        EV: 20    Int: 13    God:
Gold:   36         SH:  0    Dex: 19    Spells: 2/6 levels left

rFire    . . .     SeeInvis .     - Unarmed
rCold    . . .     Faith    .   (shield currently unavailable)
rNeg     . . .     Spirit   .   (armour currently unavailable)
rPois    x         Reflect  .   (helmet currently unavailable)
rElec    .         Harm     .   (cloak currently unavailable)
rCorr    .         Rampage  .   (gloves currently unavailable)
MR       .....                  (boots unavailable)
Stlth    ++........             (no amulet)
HPRegen  0.06/turn              (no ring)
MPRegen  0.10/turn              (no ring)

@: spider-form (expiring)
A: tiny
a: End Transformation


You were on level 2 of the Dungeon.
You were a venomous arachnid creature.
You visited 1 branch of the dungeon, and saw 2 of its levels.

You collected 36 gold pieces.

Inventory:

Armour
 a - a +0 robe (melded)
Scrolls
 b - a scroll of teleportation {unknown}
 c - a scroll of amnesia {unknown}


   Skills:
 - Level 1.0 Fighting
 - Level 2.1 Dodging
 + Level 3.9 Unarmed Combat
 - Level 2.0 Spellcasting
 * Level 2.7 Transmutations


You had 2 spell levels left.
You knew the following spells:

 Your Spells              Type           Power        Failure   Level
a - Beastly Appendage     Tmut           #.....       22%         1
b - Spider Form           Tmut/Pois      #.........   63%         3

Your spell library contained the following spells:

 Spells                   Type           Power        Failure   Level
 Wereblood                Tmut           #.......     28%         2
 Ice Form                 Ice/Tmut       #.......     93%         4
 Blade Hands              Tmut           #.........   98%         5


Dungeon Overview and Level Annotations

Branches:
Dungeon (2/15)

Altars:


Innate Abilities, Weirdness & Mutations

((You have a beak for a mouth.))
((You have claws for feet.))


Message History

The adder is almost dead.
You kill the adder!
The worm bites you!
You are too injured to fight recklessly!
You are too injured to fight recklessly!
You are too injured to fight recklessly!
You are too injured to fight recklessly!
You are too injured to fight recklessly!
You are too injured to fight recklessly!
You hit the worm.
The worm is moderately wounded.
You bite the worm!
The worm is severely wounded.
The worm misses you.
You hit the worm.
The worm is severely wounded.
You hit the worm but do no damage.
The worm is poisoned.
The worm is severely wounded.
The worm bites you!
You die...

#.# #.#
#....#.#.
#.# #..#....
#<######
#..$...
##...[.#
#.....#
####w#######
#.....# .
≈≈≈≈.≈≈≈≈≈≈#
#.....#...
≈≈[....≈≈≈≈#
#......###
≈.††....≈≈≈#
+.s......≈
....♣....≈≈#
#w###....≈
..##.##...≈#
... ### .. .
...≈#.... .♣
♣( ♣...+....
. . ..≈#####
. ##


You could see a worm (poisoned).

Vanquished Creatures
  2 adders
  A dart slug (D:1)
  A leopard gecko (D:1)
  2 giant cockroaches (D:1)
  3 hobgoblins
  4 jackals (D:1)
  2 ball pythons
  4 bats
  A frilled lizard (D:1)
  2 kobolds (D:1)
  2 rats (D:1)
24 creatures vanquished.

Notes
Turn   | Place    | Note
-------+----------+-------------------------------------------
     0 | D:1      | kae the Tengu Transmuter began the quest for the Orb.
     0 | D:1      | Reached XP level 1. HP: 12/12 MP: 4/4
   196 | D:1      | Reached XP level 2. HP: 14/16 MP: 4/6
  1301 | D:1      | Reached XP level 3. HP: 14/20 MP: 5/7
  1513 | D:1      | Learned a level 3 spell: Spider Form
  1599 | D:2      | Slain by a worm

Illustrated notes

Levels and vault maps discovered:
D:1:      heliophobic_arrival_battle_scene, layout_loops_ring,
          minmay_misc_feat_roman
D:2:      minmay_evil_eye, layout_basic, minivault_5, kennysheep_doodads,
          fountainhead, kennysheep_generic_room_2

Skill      XL: |  1 |
---------------+----+-----
Transmutations | 2 |  2.7
Fighting       | |  1.0
Dodging        | |  2.1
Unarmed Combat | |  3.9
Spellcasting   | |  2.0

Action                   || total
-------------------------++-------
Melee: Unarmed           ||    46
       Kick              ||     7
       Peck              ||     4
       Headbutt          ||     5
 Cast: Beastly Appendage ||    13
       Spider Form       ||     2
 Stab: Sleeping          ||     1
Armor: Robe              ||     8
Dodge: Dodged            ||    53

Table legend: (Time is in decaauts)
 A = Elapsed time spent in this place.
 B = Non-inter-level travel time spent in this place.
 C = Inter-level travel time spent in this place.
 D = Time resting spent in this place.
 E = Time spent auto-exploring this place.
 F = Levels seen in this place.
 G = Mean time per level.
                   A        B        C        D        E       F      G
               +--------+--------+--------+--------+--------+-----+--------+
         Total |   1598 |   1540 |     58 |    506 |    889 |   2 |  799.0 |
       Dungeon |   1598 |   1540 |     58 |    506 |    889 |   2 |  799.0 |
               +--------+--------+--------+--------+--------+-----+--------+

Top non-repeatable levels by time:
     D:1: 1565 daAuts
     D:2: 33 daAuts
